 Dungeon Crawl Stone Soup version 0.29.1-12-g30fa7ad0bf (webtiles) character file.

Game seed: 12220483144148277224

3415 styxcanada the Covert (level 9, 0/45 HPs)
             Began as a Spriggan Brigand on Jan 5, 2023.
             Was an Initiate of Gozag.
             Engulfed by a steam dragon's steam (7 damage)
             ... on level 8 of the Dungeon.
             The game lasted 00:34:12 (7694 turns).

styxcanada the Covert (Spriggan Brigand)            Turns: 7694, Time: 00:34:13

Health: 0/45       AC:  4    Str:  6    XL:     9   Next: 76%
Magic:  23/23      EV: 21    Int: 17    God:    Gozag
Gold:   1043       SH:  7    Dex: 19    Spells: 12/14 levels left

rFire   . . .      SeeInvis +   a - +2 dagger (freeze)
rCold   . . .      Faith    .   w - +0 buckler
rNeg    . . .      Spirit   .   b - +0 robe
rPois   .          Reflect  .   q - +1 hat
rElec   .          Harm     .   c - +0 cloak
rCorr   .          Rampage  .   (gloves unavailable)
Will    +....                   (boots unavailable)
Stlth   +++++.....              p - amulet of regeneration
HPRegen 0.95/turn               j - ring of magical power
MPRegen 0.18/turn               (no ring)

@: very quick
A: very small, no large weapons, unfitting armour, see invisible, speed 3,
antennae 1, clever 1, MP-powered wands
a: Renounce Religion, Potion Petition, Call Merchant, Bribe Branch


You were on level 8 of the Dungeon.
You worshipped Gozag.
Gozag was most pleased with you.
You visited 2 branches of the dungeon, and saw 9 of its levels.

You collected 1098 gold pieces.
You paid 55 gold pieces to Gozag.

Inventory:

Hand Weapons
 a - a +2 dagger of freezing (weapon)
 o - a +0 sling
 y - a +2 mace of draining
Missiles
 e - a curare-tipped dart
 g - 12 boomerangs
 k - 5 silver boomerangs
 B - 20 poisoned darts (quivered)
Armour
 b - a +0 robe (worn)
 c - a +0 cloak (worn)
 q - a +1 hat (worn)
 w - a +0 buckler (worn)
Jewellery
 j - a ring of magical power (left hand)
 p - an amulet of regeneration (around neck)
 u - an amulet of the acrobat
Wands
 C - a wand of charming (10)
 D - a wand of roots (14)
Scrolls
 n - 2 scrolls of immolation
 s - a scroll of identify
Potions
 d - a potion of flight {unknown}
 f - a potion of lignification
 h - a potion of brilliance
 i - a potion of might {unknown}
 l - 4 potions of curing
 m - 2 potions of mutation
 r - 3 potions of heal wounds {unknown}
 t - a potion of resistance {unknown}
 v - a potion of experience {unknown}
 x - a potion of invisibility {unknown}
 z - 2 potions of cancellation {unknown}
 A - a potion of magic {unknown}


   Skills:
 + Level 4.1 Fighting
 + Level 4.8 Short Blades
 + Level 3.0 Ranged Weapons
 + Level 5.1 Throwing
 * Level 7.3 Dodging
 * Level 11.1 Stealth
 * Level 2.4 Shields
 * Level 3.2 Spellcasting
 * Level 3.4 Hexes
 * Level 2.1 Ice Magic
 * Level 4.8 Evocations


You had 12 spell levels left.
You knew the following spells:

 Your Spells              Type           Power      Damage    Failure   Level
a - Ensorcelled Hibernat  Hex/Ice        24%        N/A       17%         2

Your spell library contained the following spells:

 Spells                   Type           Power      Damage    Failure   Level
 Apportation              Tloc           4%         N/A       34%         1
 Necrotise                Necr           8%         1d4       34%         1
 Passwall                 Tmut/Erth      1%         N/A       47%         2
 Swiftness                Air            2%         N/A       71%         3
 Vampiric Draining        Necr           2%         2d6       71%         3
 Agony                    Necr           2%         N/A       100%        5
 Alistair's Intoxication  Tmut/Pois      1%         N/A       100%        5


Dungeon Overview and Level Annotations

Branches:
Dungeon (8/15)             Temple (1/1) D:4
   Lair: D:8-11

Altars:
Ashenzari
Cheibriados
Dithmenos
Elyvilon
Fedhas
Gozag
Hepliaklqana
Kikubaaqudgha
Makhleb
Nemelex Xobeh
Okawaru
Qazlal
Ru
Sif Muna
Trog
Uskayaw
Vehumet
Wu Jian
Xom
Yredelemnul
Zin
The Shining One

Shops:
D:7 *


Innate Abilities, Weirdness & Mutations

You are very small and have problems with some larger weapons.
You are too small for most types of armour.
You have supernaturally acute eyesight. (SInv)
You cover ground extremely quickly. (Speed+++)
You have a pair of small antennae on your head.
Your mind is acute. (Int +4, Str/Dex -1)
You expend magic power (3 MP) to strengthen your wands.


Message History

The steam dragon hisses angrily.
The steam dragon breathes steam at you. The ball of steam misses you.
You are engulfed in a cloud of scalding steam.
You are engulfed in a cloud of scalding steam.
You block the steam dragon's attack. The steam dragon claws you.
You hit the steam dragon but do no damage.
You are engulfed in a cloud of scalding steam.
The steam dragon misses you. x2
Unknown command.
You barely miss the steam dragon.
The steam dragon bites you but does no damage.
You block the steam dragon's attack.
You closely miss the steam dragon. The steam dragon bites you!
The steam dragon misses you.
You hit the steam dragon but do no damage.
The steam dragon breathes steam at you. The ball of steam hits you!
* * * LOW HITPOINT WARNING * * *
You hear an angry hiss.
You barely miss the steam dragon.
You are engulfed in a cloud of scalding steam.
* * * LOW HITPOINT WARNING * * *
A water moccasin comes into view.
The steam dragon barely misses you.
The steam dragon claws you but does no damage.
The water moccasin is engulfed in a cloud of scalding steam.
Throw: 21 darts (poison)
Press: ? - help, Q - select action, (/) - cycle Shift-Dir - straight line, f - steam dragon
Aim: a steam dragon (65% to hit)
You throw a poisoned dart.
The poisoned dart hits the steam dragon!
The steam dragon is poisoned.
The steam dragon breathes steam at you. The ball of steam misses you.
You are engulfed in a cloud of scalding steam.
* * * LOW HITPOINT WARNING * * *
You are engulfed in a cloud of scalding steam.
You die...
Your body crumbles into a pile of gold.

$....# #.##.# #
#.##.#####.#
#.##...$... #.##.....
. #######.##..####...
###§§.§§>...........#
..#§§§§§§D(..........
#.#§@#######.##....#.
#.#..# #.# ##.#
##.#..# #.# # #.....#
#.# #..##.# #.#
#..##.# #.# #..##.#
#.# #..##.# #..##>#


There were no monsters in sight!

Vanquished Creatures
  A two-headed ogre (D:7)
  A hornet (D:6)
  A steam dragon (D:7)
  2 orc warriors
  2 ice beasts (D:6)
  2 black bears
  2 ogres (D:6)
  A centaur (D:7)
  A phantom (D:5)
  2 kobold brigands
  3 bullfrogs
  2 gnoll sergeants (D:7)
  2 scorpions
  2 necrophages (D:5)
  A centaur zombie (D:5)
  4 bullfrog zombies (D:5)
  2 hounds
  A jelly (D:7)
  2 orc priests
  Jessica (D:2)
  5 iguanas
  4 orc wizards
  A scorpion zombie (D:5)
  A howler monkey zombie (D:5)
  16 gnolls
  7 adders
  A shadow imp (D:7)
  2 ufetubi
  An adder skeleton (D:5)
  2 worms (D:2)
  4 dart slugs
  21 orcs
  8 endoplasms
  A giant cockroach (D:4)
  2 goblins
  5 hobgoblins
  4 jackals
  16 kobolds
  4 quokkas
  5 ball pythons
  3 bats
  A frilled lizard (D:1)
  3 rats
  A toadstool (D:6)
153 creatures vanquished.

Vanquished Creatures (others)
  4 fungi (D:6)
  5 toadstools (D:6)
  A withered plant (D:5)
10 creatures vanquished.

Grand Total: 163 creatures vanquished

Notes
Turn   | Place    | Note
-------+----------+-------------------------------------------
     0 | D:1      | styxcanada the Spriggan Brigand began the quest for the
                  | Orb.
     0 | D:1      | Reached XP level 1. HP: 10/10 MP: 2/2
   116 | D:1      | Found a faded altar of an unknown god.
   213 | D:1      | Reached skill level 6 in Stealth
   290 | D:1      | Reached XP level 2. HP: 14/14 MP: 3/3
   681 | D:2      | Reached XP level 3. HP: 16/18 MP: 4/4
   782 | D:2      | Noticed Jessica
   796 | D:2      | Killed Jessica
   797 | D:2      | Reached skill level 7 in Stealth
   891 | D:2      | Reached XP level 4. HP: 10/23 MP: 5/5
  2656 | D:4      | Reached XP level 5. HP: 11/26 MP: 6/6
  3125 | D:4      | Reached skill level 8 in Stealth
  3532 | D:4      | Found a staircase to the Ecumenical Temple.
  3538 | Temple   | Entered the Ecumenical Temple
  3562 | Temple   | Became a worshipper of Gozag Ym Sagoz the Greedy
  3842 | D:5      | Entered Level 5 of the Dungeon
  3861 | D:5      | Reached XP level 6. HP: 32/32 MP: 7/7
  4067 | D:5      | Reached skill level 9 in Stealth
  4152 | D:5      | Reached XP level 7. HP: 9/35 MP: 8/8
  4498 | D:5      | Found an ornate altar of the Wu Jian Council.
  4553 | D:5      | Reached skill level 1 in Ranged Weapons
  4553 | D:5      | Reached skill level 5 in Dodging
  5021 | D:5      | Reached skill level 1 in Evocations
  5119 | D:6      | Reached XP level 8. HP: 40/40 MP: 9/9
  5176 | D:6      | Reached skill level 1 in Shields
  5241 | D:6      | Learned a level 2 spell: Ensorcelled Hibernation
  5407 | D:6      | Reached skill level 10 in Stealth
  5661 | D:6      | Reached skill level 1 in Hexes
  5723 | D:6      | Reached skill level 1 in Spellcasting
  5747 | D:6      | Noticed a hornet
  5755 | D:6      | Killed a hornet
  5756 | D:6      | Reached skill level 1 in Ice Magic
  5828 | D:6      | Gained mutation: Your skin changes colour to match your
                  | surroundings (Stealth+). [potion of mutation]
  6043 | D:7      | Noticed a two-headed ogre
  6118 | D:7      | Killed a two-headed ogre
  6119 | D:7      | Reached XP level 9. HP: 45/45 MP: 13/13
  6304 | D:7      | Lost mutation: Your skin changes colour to match your
                  | surroundings (Stealth+). [potion of mutation]
  6304 | D:7      | Gained mutation: Your mind is acute. (Int +4, Str/Dex -1)
                  | [potion of mutation]
  6304 | D:7      | Gained mutation: You expend magic power (3 MP) to
                  | strengthen your wands. [potion of mutation]
  6304 | D:7      | Gained mutation: You have a pair of small antennae on your
                  | head. [potion of mutation]
  6488 | D:7      | HP: 2/45 [something] (7)]
  6564 | D:7      | Found a sacrificial altar of Ru.
  6665 | D:7      | Found a white marble altar of Elyvilon.
  6710 | D:7      | Reached skill level 5 in Throwing
  6765 | D:7      | Found Dickuf's Overcharged Wands.
  7247 | D:8      | Identified the +3 trident of the Conjuring Moth {vorpal,
                  | rC+ Int+2}
  7283 | D:8      | Reached skill level 11 in Stealth
  7694 | D:8      | Engulfed by a steam dragon's steam

Illustrated notes

Levels and vault maps discovered:
D:1:      scummos_arrival_forest, layout_basic, ebering_ecumenical_altar_hall,
          minmay_split_cup_large
D:2:      layout_rooms, kennysheep_another_room, uniq_jessica
D:3:      layout_loops_ring, minivault_24
D:4:      layout_basic, minmay_temple_entry_enclosed_plants
D:5:      layout_basic, lemuel_round_altar, serial_undead, serial_undead_e,
          serial_undead_b, serial_undead_a, serial_undead_a, serial_undead_b
D:6:      layout_cave_pools, hangedman_decor_growths, minmay_gold_behind_fungi
D:7:      layout_cave_pods, mainiacjoe_overflow_catch_the_wave,
          nicolae_shop_overcharged_wands
D:8:      layout_loops_ring, corexii_leaking_fountain
Temple:   hellmonk_temple_of_storms

Skill      XL: |  1  2  3  4  5  6  7  8  9 |
---------------+----------------------------+-----
Stealth        | 6 7 8 9 10 11 | 11.1
Dodging        | 2 3 4 5 6 7 |  7.3
Fighting       | 2 3 4 |  4.1
Short Blades   | 3 4 |  4.8
Throwing       | 3 4 5 |  5.1
Ranged Weapons | 2 3 |  3.0
Evocations     | 1 4 |  4.8
Shields        | 2 |  2.4
Hexes          | 2 3 |  3.4
Spellcasting   | 2 3 |  3.2
Ice Magic      | 1 2 |  2.1

Action                   |  1- 3 |  4- 6 |  7- 9 || total
-------------------------+-------+-------+-------++-------
Melee: Dagger            |    54 |   191 |   455 ||   700
       Punch             |       |     4 |     1 ||     5
 Fire: Sling             |       |       |    41 ||    41
Throw: Dart              |    13 |    46 |    70 ||   129
       Boomerang         |       |       |    13 ||    13
Evoke: Wand              |       |       |    10 ||    10
  Use: Scroll            |     1 |     7 |     4 ||    12
       Potion            |       |       |     2 ||     2
 Stab: Sleeping          |    12 |    13 |     7 ||    32
       Distracted        |       |     2 |     4 ||     6
Armor: Robe              |     8 |    18 |    23 ||    49
Dodge: Dodged            |    32 |   162 |   241 ||   435
Block: Buckler           |       |       |    84 ||    84
